 Dungeon Crawl Stone Soup version 0.30-a0-959-g3818848631 (webtiles) character file.

Game seed: 5221600127794036501

25530 CrazyBamboolord the Unseen (level 13, 0/80 HPs)
             Began as a Kobold Brigand on Mar 30, 2023.
             Was a Believer of Uskayaw.
             Slain by a skyshark (10 damage)
             ... on level 3 of the Lair of Beasts.
             The game lasted 00:46:31 (18325 turns).

CrazyBamboolord the Unseen (Kobold Brigand)        Turns: 18325, Time: 00:46:32

Health: 0/80       AC: 10    Str: 17    XL:     13   Next: 51%
Magic:  17/17      EV: 27    Int: 14    God:    Uskayaw [**....]
Gold:   121        SH:  0    Dex: 18    Spells: 12/12 levels left

rFire   . . .      SeeInvis .    q - +10 dagger of Ykaonl Zuix {heavy, Drain Will+ Int+3}
rCold   . . .      Faith    +    (no shield)
rNeg    . . .      Spirit   .    R - +0 steam dragon scales
rPois   +          Reflect  .    a - +2 hat {Stlth+}
rElec   .          Rampage  .    l - scarf "Nohober" {+Inv, rPois}
rCorr   +                        I - +2 pair of gloves
Will    +....                    (no boots)
Stlth   +++++++++                p - amulet of faith
HPRegen 0.33/turn                r - ring of resist corrosion
MPRegen 0.15/turn                H - +5 ring of evasion

@: no status effects
A: small, no large weapons, nightstalker 3, strong 2
a: Renounce Religion, Evoke Invisibility, Stomp, Line Pass


You were on level 3 of the Lair of Beasts.
You worshipped Uskayaw.
Uskayaw was noncommittal.
You visited 3 branches of the dungeon, and saw 16 of its levels.
You also visited: Bailey.

You collected 1175 gold pieces.
You spent 1054 gold pieces at shops.

Inventory:

Hand Weapons
 b - a +2 short sword of speed
 q - the +10 dagger of Ykaonl Zuix (weapon) {heavy, Drain Will+ Int+3}
   (You bought it in a shop on level 3 of the Dungeon)

   Int:       It affects your intelligence (+3).
   Drain:     It drains your maximum health when unequipped.
   Will:      It increases your willpower.
 M - a +2 dagger of holy wrath
Missiles
 d - 41 poisoned darts (quivered)
 e - 3 curare-tipped darts
 N - 3 throwing nets
Armour
 a - a +2 hat of stealth (worn)
 l - the scarf "Nohober" (worn) {+Inv, rPois}
   (You acquired it on level 9 of the Dungeon)

   rPois:     It protects you from poison.
 I - a +2 pair of gloves (worn)
 R - +0 steam dragon scales (worn)
Jewellery
 h - a ring of poison resistance
 p - an amulet of faith (around neck)
 r - a ring of resist corrosion (left hand)
 F - a ring of ice
 H - a +5 ring of evasion (right hand)
Wands
 y - a wand of charming (5)
 A - a wand of flame (21)
 B - a wand of acid (5)
 Q - a wand of polymorph (2)
 T - a wand of mindburst (6)
 U - a wand of digging (7)
Scrolls
 c - a scroll of silence {unknown}
 g - a scroll of vulnerability
 s - a scroll of immolation
 v - a scroll of blinking
 x - a scroll of fog
 P - 2 scrolls of enchant armour
 S - 3 scrolls of magic mapping {unknown}
 W - a scroll of poison {unknown}
 X - a scroll of torment {unknown}
 Z - a scroll of teleportation
Potions
 f - 4 potions of berserk rage
 j - 3 potions of ambrosia
 k - 3 potions of resistance
 u - 3 potions of mutation
 w - a potion of experience {unknown}
 z - a potion of cancellation {unknown}
 C - 2 potions of brilliance
 E - 2 potions of attraction
 G - 6 potions of flight
 J - a potion of haste
 K - a potion of magic {unknown}
 L - 2 potions of might {unknown}
 O - a potion of lignification {unknown}
 Y - 2 potions of heal wounds {unknown}
Miscellaneous
 m - a lightning rod (4/4)


   Skills:
 * Level 9.2 Fighting
 - Level 11.1 Short Blades
 * Level 8.2 Throwing
 * Level 11.8 Dodging
 * Level 18.1 Stealth
 * Level 5.5 Invocations
 * Level 5.6 Evocations


You had 12 spell levels left.
You didn't know any spells.
Your spell library contained the following spells:

 Spells                   Type           Power      Damage    Failure   Level
 Foxfire                  Conj/Fire      0%         2x1d2     28%         1
 Shock                    Conj/Air       0%         1d3       28%         1
 Blink                    Tloc           0%         N/A       41%         2
 Lesser Beckoning         Tloc           0%         N/A       41%         2
 Momentum Strike          Conj/Tloc      0%         3d8       41%         2
 Gell's Gravitas          Tloc           0%         N/A       65%         3
 Swiftness                Air            0%         N/A       65%         3
 Teleport Other           Tloc           0%         N/A       65%         3
 Airstrike                Air            0%         2d(0-16)  96%         4
 Fireball                 Conj/Fire      0%         3d3       100%        5
 Starburst                Conj/Fire      0%         6d3       100%        6


Dungeon Overview and Level Annotations

Branches:
Dungeon (11/15)            Temple (1/1) D:7            Lair (4/5) D:9
 Shoals (0/4) Lair:3        Snake (0/4) Lair:3          Orc (0/2) D:11
 Bailey (visited)
  Slime: Lair:4-5

Altars:
Ashenzari
Cheibriados
Dithmenos
Elyvilon
Fedhas
Gozag
Hepliaklqana
Kikubaaqudgha
Makhleb
Nemelex Xobeh
Okawaru
Qazlal
Ru
Sif Muna
Trog
Uskayaw
Vehumet
Wu Jian
Xom
Yredelemnul
Zin
The Shining One
Lugonu

Shops:
D:3 (([*=   D:4 ((:   D:7 (


Innate Abilities, Weirdness & Mutations

You are small and have problems with some larger weapons.
You are completely attuned to the shadows.
Your muscles are very strong. (Str +8, Int/Dex -2)


Message History

The skyshark closely misses you.
You hit the skyshark.
The skyshark is moderately wounded.
You impale the skyshark!!
The skyshark is heavily wounded.
The skyshark closely misses you. The skyshark completely misses you.
The skyshark barely misses you.
You can now pass through a line of other dancers.
You puncture the skyshark!
The skyshark is severely wounded.
The skyshark bites you.
The skyshark enters a blood-rage!
The skyshark tail-slaps you. The skyshark completely misses you.
You barely miss the skyshark.
The skyshark is severely wounded.
The skyshark misses you. The skyshark tail-slaps you!
The skyshark closely misses you.
You hit the skyshark but do no damage.
The skyshark is severely wounded.
The skyshark bites you! The skyshark closely misses you.
The skyshark misses you.
You puncture the skyshark!
The skyshark is almost dead.
The skyshark bites you! The skyshark tail-slaps you.
* * * LOW HITPOINT WARNING * * *
The skyshark misses you.
You completely miss the skyshark.
The skyshark is almost dead.
The skyshark barely misses you. The skyshark closely misses you.
The skyshark misses you.
You completely miss the skyshark.
The skyshark is almost dead.
The skyshark bites you.
* * * LOW HITPOINT WARNING * * *
The skyshark tail-slaps you!
* * * LOW HITPOINT WARNING * * *
The skyshark closely misses you.
You hit the skyshark.
The skyshark is almost dead.
The skyshark bites you!
You die...

..≈..#..## ####.##..#
.....#...###...#...##
.....#.............#
#...#..............#
##.#..≈.....>......#
########.........<.##
..######............#
..##...............##
..##.#..........@l..#
.#......#..#.#.#.#.##
#...P.#.##########.#
#.......# ##.#
....##.#### ####..#
#.....##.P####.#P..#
......†............#
...................#
....P###.P.#.###...###


You could see a skyshark (berserk).

Vanquished Creatures
  Gastronok (D:8)
  Fannar (Lair:1)
  2 hydras
  Harold (Lair:1)
  A death yak (Lair:3)
  An orc knight (Bailey)
  A lindwurm (Lair:2)
  3 elephants (Lair:3)
  4 black mambas
  Joseph (Lair:1)
  Maggie (Lair:1)
  3 rime drakes (Lair:3)
  2 cane toads
  A komodo dragon (Lair:2)
  3 meliai (Lair:3)
  A queen bee (Lair:2)
  A troll (D:10)
  A hornet (D:9)
  6 blink frogs (Lair:3)
  Grinder (D:3)
  Prince Ribbit (D:8)
  A polar bear (Lair:1)
  6 dream sheep (Lair:3)
  Sigmund (D:2)
  3 wyverns (Lair:3)
  16 yaks
  A basilisk (Lair:1)
  Eustachio (D:4)
  5 steam dragons
  2 nagas (Lair:3)
  9 water moccasins
  4 ice beasts (D:6)
  3 black bears
  6 orc warriors
  A sky beast (D:4)
  6 ogres
  5 wolves (Lair:3)
  6 centaurs
  4 kobold brigands
  8 bullfrogs
  3 scorpions
  A gnoll sergeant (D:9)
  4 wights
  33 killer bees
  An electric eel (Lair:1)
  4 howler monkeys
  6 hounds
  2 jellies
  Crazy Yiuf (D:4)
  5 orc priests
  Ijyb (D:4)
  9 iguanas
  Natasha (twice) (D:2)
  9 orc wizards
  4 hell rats (Lair:3)
  Robin (D:2)
  11 gnolls
  8 adders
  10 river rats (Lair:3)
  2 white imps
  A worm (D:3)
  2 dart slugs
  39 orcs
  7 ball pythons
  6 endoplasms
  2 giant cockroaches (D:3)
  22 goblins
  13 hobgoblins
  3 jackals
  36 kobolds
  A quokka (D:2)
  7 bats
  3 frilled lizards
  7 rats
391 creatures vanquished.

Vanquished Creatures (collateral kills)
  4 orc warriors (Bailey)
  A goblin (Bailey)
  A kobold (Bailey)
6 creatures vanquished.

Vanquished Creatures (others)
  A goblin (D:2)
  6 kobolds
  25 fungi
  63 plants
95 creatures vanquished.

Grand Total: 492 creatures vanquished

Notes
Turn   | Place    | Note
-------+----------+-------------------------------------------
     0 | D:1      | CrazyBamboolord the Kobold Brigand began the quest for the
                  | Orb.
     0 | D:1      | Reached XP level 1. HP: 12/12 MP: 1/1
   150 | D:1      | Reached XP level 2. HP: 17/17 MP: 2/2
   178 | D:1      | Reached skill level 6 in Stealth
   214 | D:1      | Found a faded altar of an unknown god.
   319 | D:1      | Reached XP level 3. HP: 21/21 MP: 3/3
   883 | D:2      | Noticed Natasha
   889 | D:2      | Killed Natasha
   890 | D:2      | Reached skill level 7 in Stealth
   890 | D:2      | Reached XP level 4. HP: 27/27 MP: 4/4
  1183 | D:2      | Noticed Sigmund
  1188 | D:2      | Killed Sigmund
  1189 | D:2      | Reached skill level 8 in Stealth
  1189 | D:2      | Reached XP level 5. HP: 31/31 MP: 5/5
  1189 | D:2      | Reached XP level 6. HP: 36/36 MP: 6/6
  1247 | D:2      | Noticed Natasha
  1247 | D:2      | Noticed Robin
  1381 | D:2      | Killed Natasha
  1501 | D:2      | Killed Robin
  1653 | D:2      | Reached skill level 9 in Stealth
  1956 | D:3      | Found Urghurepa's Weapon Shop.
  2303 | D:3      | HP: 1/37 [frozen (4)]
  2480 | D:3      | Found Wiov's Assorted Antiques.
  2492 | D:3      | Bought 2 lumpy dark potions for 46 gold pieces
  2492 | D:3      | Bought 2 lumpy dark potions for 46 gold pieces
  2492 | D:3      | Bought a scroll labelled XID CENOUP for 26 gold pieces
  2600 | D:3      | Found Arhyel Mapno's Jewellery Shoppe.
  2600 | D:3      | Noticed Grinder
  2602 | D:3      | Killed Grinder
  2603 | D:3      | Reached XP level 7. HP: 41/41 MP: 7/7
  2732 | D:3      | Found Pocua's Antique Weapon Emporium.
  2801 | D:3      | Found Paceon's Armour Boutique.
  3016 | D:4      | Found Sapeuloc's Book Shoppe.
  3103 | D:4      | Noticed Eustachio
  3106 | D:4      | Killed Eustachio
  3107 | D:4      | Reached skill level 10 in Stealth
  3178 | D:4      | Noticed Ijyb
  3205 | D:4      | Killed Ijyb
  3206 | D:4      | Reached XP level 8. HP: 9/47 MP: 8/8
  3415 | D:4      | Reached skill level 5 in Short Blades
  3499 | D:4      | Found a glowing golden altar of the Shining One.
  3659 | D:4      | Found a runed translucent door.
  3662 | D:4      | Noticed Crazy Yiuf
  3793 | D:4      | Found Orghukhla's Antique Weapon Shop.
  3895 | D:4      | Found Walob's Weapon Boutique.
  3965 | D:4      | Killed Crazy Yiuf
  3966 | D:4      | Reached skill level 11 in Stealth
  4031 | D:5      | Entered Level 5 of the Dungeon
  4256 | D:5      | Reached XP level 9. HP: 52/52 MP: 9/9
  4343 | D:5      | Found a snail-covered altar of Cheibriados.
  4434 | D:5      | Reached skill level 12 in Stealth
  4576 | D:5      | Found a sacrificial altar of Ru.
  4773 | D:5      | Found a sparkling altar of Nemelex Xobeh.
  5372 | D:6      | Reached skill level 5 in Fighting
  5372 | D:6      | Reached skill level 5 in Dodging
  5980 | D:6      | Reached skill level 5 in Throwing
  6094 | D:6      | Reached skill level 13 in Stealth
  6107 | D:6      | Reached XP level 10. HP: 59/59 MP: 10/10
  6806 | D:7      | Found Unerhaics's Antique Weapon Shop.
  6918 | D:7      | Found a basalt altar of Yredelemnul.
  6937 | D:7      | Found a staircase to the Ecumenical Temple.
  6958 | Temple   | Entered the Ecumenical Temple
  7108 | D:7      | Found a shimmering altar of Xom.
  7108 | D:7      | Noticed an angel
  7117 | D:7      | Found a glowing silver altar of Zin.
  7227 | D:7      | Found a stormy altar of Qazlal.
  7297 | D:7      | Found an ancient bone altar of Kikubaaqudgha.
  8365 | D:8      | Noticed Prince Ribbit
  8368 | D:8      | Killed Prince Ribbit
  8510 | D:8      | Reached skill level 14 in Stealth
  8869 | D:8      | Noticed Gastronok
  8884 | D:8      | Killed Gastronok
  8885 | D:8      | Reached skill level 10 in Short Blades
  8971 | D:8      | Found a hazy altar of Hepliaklqana.
  9085 | D:9      | Identified a scroll of acquirement
  9085 | D:9      | Acquired the scarf "Nohober" {+Inv, rPois}
  9161 | D:9      | Found a hide-covered altar of Uskayaw.
  9233 | D:9      | Became a worshipper of Uskayaw the Reveller
  9256 | D:9      | Reached * piety under Uskayaw
  9257 | D:9      | Reached XP level 11. HP: 64/64 MP: 11/11
  9284 | D:9      | Reached ** piety under Uskayaw
  9293 | D:9      | Reached *** piety under Uskayaw
  9485 | D:9      | Reached **** piety under Uskayaw
  9504 | D:9      | Reached skill level 1 in Evocations
  9513 | D:9      | Found a flagged portal.
  9531 | Bailey   | Entered a bailey
  9635 | Bailey   | Reached skill level 1 in Invocations
  9766 | Bailey   | Noticed an orc knight
  9787 | Bailey   | Gained mutation: Your body sometimes deteriorates upon
                  | taking damage. [potion of mutation]
  9787 | Bailey   | Gained mutation: Your spells are a little easier to cast,
                  | but a little less powerful. [potion of mutation]
  9788 | Bailey   | Lost mutation: Your spells are a little easier to cast, but
                  | a little less powerful. [potion of mutation]
  9788 | Bailey   | Lost mutation: Your body sometimes deteriorates upon taking
                  | damage. [potion of mutation]
  9788 | Bailey   | Gained mutation: You occasionally shout uncontrollably at
                  | your foes. [potion of mutation]
  9788 | Bailey   | Gained mutation: You occasionally lose the ability to drink
                  | potions when taking damage. [potion of mutation]
  9789 | Bailey   | Lost mutation: You occasionally shout uncontrollably at
                  | your foes. [potion of mutation]
  9789 | Bailey   | Lost mutation: You occasionally lose the ability to drink
                  | potions when taking damage. [potion of mutation]
  9789 | Bailey   | Gained mutation: Your muscles are strong. (Str +4, Int/Dex
                  | -1) [potion of mutation]
  9789 | Bailey   | Gained mutation: Your muscles are very strong. (Str +8,
                  | Int/Dex -2) [potion of mutation]
  9930 | Bailey   | Killed an orc knight
  9930 | Bailey   | Identified the +1 halberd of Checks and Balances {drain,
                  | Dex+3}
  9931 | Bailey   | Reached skill level 15 in Stealth
 10350 | D:9      | Found an iron altar of Okawaru.
 10560 | D:9      | Found a staircase to the Lair.
 10817 | D:10     | Entered Level 10 of the Dungeon
 11129 | D:10     | Found a bloodstained altar of Trog.
 11852 | D:11     | Found a staircase to the Orcish Mines.
 11947 | D:11     | Noticed a cyclops
 12067 | Lair:1   | Entered Level 1 of the Lair of Beasts
 12261 | Lair:1   | Noticed Fannar
 12335 | Lair:1   | Killed Fannar
 12369 | Lair:1   | Noticed Joseph
 12371 | Lair:1   | Noticed Maggie
 12490 | Lair:1   | Killed Maggie
 12497 | Lair:1   | Reached XP level 12. HP: 54/72 MP: 12/14
 12499 | Lair:1   | Reached ***** piety under Uskayaw
 12749 | Lair:1   | Killed Joseph
 12913 | Lair:1   | Noticed Harold
 12916 | Lair:1   | Killed Harold
 12917 | Lair:1   | Reached skill level 16 in Stealth
 13678 | Lair:2   | Noticed a five-headed hydra
 13682 | Lair:2   | Killed a five-headed hydra
 13683 | Lair:2   | Reached skill level 10 in Dodging
 14484 | Lair:3   | Reached ****** piety under Uskayaw
 14542 | Lair:3   | Noticed a death yak
 14782 | Lair:3   | Reached skill level 17 in Stealth
 15529 | D:3      | Bought the +10 dagger of Ykaonl Zuix {heavy, Drain Will+
                  | Int+3} for 936 gold pieces
 15695 | Lair:3   | Found a staircase to the Shoals.
 15712 | Lair:3   | Reached XP level 13. HP: 36/79 MP: 16/16
 15959 | Lair:3   | Noticed a four-headed hydra
 16299 | Lair:3   | Reached skill level 5 in Evocations
 16411 | Lair:3   | Reached skill level 5 in Invocations
 16639 | Lair:3   | Found a staircase to the Snake Pit.
 16826 | Lair:3   | Killed a four-headed hydra
 17832 | Lair:4   | Reached skill level 18 in Stealth
 18196 | Lair:4   | Noticed a four-headed hydra
 18325 | Lair:3   | Slain by a skyshark

Illustrated notes

Levels and vault maps discovered:
D:1:      matt_arrival_grand_opening, layout_basic,
          ebering_ecumenical_altar_webs, dreamdust_mushroom_princess
D:2:      layout_basic, serial_aquarium, aquarium_bridge_square
          [aquarium_subvault_bridge, aquarium_subvault_bridge,
          aquarium_subvault_window, aquarium_subvault_window],
          aquarium_window_fake, aquarium_window_fake, aquarium_view_2e,
          aquarium_balcony_1b, uniq_natasha, uniq_robin, uniq_sigmund
D:3:      layout_basic, serial_shops, shop, shop, nicolae_shop_waterfront,
          shop_statue, nicolae_shop_window_shopping,
          minmay_randomly_rotated_circles, uniq_grinder
D:4:      layout_rooms, mainiacjoe_overflow_small_starburst, serial_shops,
          nicolae_take_the_stairs, kennysheep_little_box, shop_statue,
          mrwooster_statue_mirror, uniq_ijyb, uniq_eustachio,
          uniq_crazy_yiuf_cottage
D:5:      layout_basic, overflow_temple_1_default, nemelex_spade_bored_becter,
          lemuel_doored_altar, corexii_leaking_fountain, minmay_pentangle
D:6:      minmay_skewed_foursquare, layout_basic
D:7:      layout_basic, grunt_temple_overflow_order_and_chaos_1,
          grunt_qazlal_clouds, mainiacjoe_overflow_surrounded_room,
          overflow_temple_1_default, minmay_temple_entry_overgrown,
          serial_shops, shop, eino_curves_02
D:8:      wander_river, layout_loops_ring, nicolae_hepliaklqana_hippocampus,
          uniq_gastronok, uniq_prince_ribbit1
D:9:      layout_basic, mainiacjoe_overflow_alcove_4,
          mainiacjoe_overflow_boulevard, lair_entry_dummy, enter_bailey_3,
          minivault_23
D:10:     layout_basic, mainiacjoe_overflow_paths
D:11:     layout_rooms, orc_0_dummy
Temple:   kb_corrupted_temple
Lair:1:   layout_layer_cave, gammafunk_lair_bear_cave, uniq_joseph, uniq_maggie,
          uniq_harold, uniq_fannar
Lair:2:   layout_cellular_growth
Lair:3:   regret_index_tunnel_blossom, layout_long_grid,
          elwin_shoals_entry_rocks, guppyfry_snake_entry_garden,
          kennysheep_rathole, serial_bayou_shore_a, serial_bayou_shore_b
Lair:4:   layout_misc_corridors, lemuel_fruit_fields, grunt_megastairs_2,
          infiniplex_staircase_pool_2

Skill      XL: |  1  2  3  4  5  6  7  8  9 10 11 12 13 |
---------------+----------------------------------------+-----
Stealth        | 6 7 8 9 10 11 13 14 15 17 18 | 18.1
Short Blades   | 3 4 6 8 10 11 | 11.1
Dodging        | 2 3 4 5 7 9 10 11 | 11.8
Fighting       | 3 4 5 6 7 8 9 |  9.2
Throwing       | 3 4 5 6 7 8 |  8.2
Evocations     | 3 4 5 |  5.6
Invocations    | 3 4 5 |  5.5

Action                     |  1- 3 |  4- 6 |  7- 9 | 10-12 | 13-15 || total
---------------------------+-------+-------+-------+-------+-------++-------
  Melee: Dagger            |    44 |   132 |   416 |   828 |   189 ||  1609
         Punch             |       |     1 |     7 |    22 |     3 ||    33
         Short sword       |       |       |       |   583 |       ||   583
  Throw: Dart              |       |     4 |       |    19 |       ||    23
         Throwing net      |       |       |       |     2 |       ||     2
 Invoke: Line Pass         |       |       |       |     5 |       ||     5
         Grand Finale      |       |       |       |     1 |       ||     1
  Evoke: Wand              |       |       |       |     8 |       ||     8
         Lightning rod     |       |       |       |     4 |       ||     4
    Use: Scroll            |       |     4 |     1 |    20 |     2 ||    27
         Potion            |       |     3 |     2 |    16 |       ||    21
   Stab: Sleeping          |    19 |    17 |    39 |    40 |     1 ||   116
         Distracted        |       |       |     1 |     4 |     2 ||     7
         Paralysed         |       |       |       |    27 |    14 ||    41
 Armour: Robe              |     1 |    25 |    35 |    69 |       ||   130
         Steam dragon scal |       |       |       |    65 |    36 ||   101
  Dodge: Dodged            |    13 |    76 |   205 |  1028 |   253 ||  1575

Table legend: (Time is in decaauts)
 A = Elapsed time spent in this place.
 B = Non-inter-level travel time spent in this place.
 C = Inter-level travel time spent in this place.
 D = Time resting spent in this place.
 E = Time spent auto-exploring this place.
 F = Levels seen in this place.
 G = Mean time per level.
                   A        B        C        D        E       F      G
               +--------+--------+--------+--------+--------+-----+--------+
         Total |  17400 |  16121 |   1279 |   2147 |  10514 |  17 | 1023.5 |
       Dungeon |  11185 |  10155 |   1030 |    645 |   7404 |  11 | 1016.8 |
        Temple |    131 |    131 |      0 |      0 |     73 |   1 |  131.0 |
          Lair |   5591 |   5342 |    249 |   1470 |   2873 |   4 | 1397.8 |
        Bailey |    491 |    491 |      0 |     31 |    163 |   1 |  491.0 |
               +--------+--------+--------+--------+--------+-----+--------+

Top non-repeatable levels by time:
  Lair:3: 2592 daAuts
  Lair:2: 1643 daAuts
  Lair:1: 1324 daAuts
     D:9: 1280 daAuts
     D:7: 1260 daAuts
     D:5: 1217 daAuts
     D:6: 1216 daAuts
     D:4: 1116 daAuts
     D:2: 1089 daAuts
     D:8: 1076 daAuts
     D:3: 1032 daAuts
    D:10: 979 daAuts
     D:1: 811 daAuts
  Bailey: 491 daAuts
  Temple: 131 daAuts
